 Dungeon Crawl Stone Soup version 0.23.1-44-gbd83930989 (webtiles) character file.

Game seed: 10932684050927631989

408 PentaManta the Sneak (level 6, -6/42 HPs)
             Began as an Octopode Fighter on Mar 30, 2019.
             Mangled by a mummy (17 damage)
             ... in an ossuary.
             The game lasted 00:05:57 (3610 turns).

PentaManta the Sneak (Octopode Fighter)             Turns: 3610, Time: 00:05:57

Health: -6/42      AC:  1    Str: 15    XL:     6   Next: 88%
Magic:  6/6        EV: 13    Int: 11    God:
Gold:   116        SH:  9    Dex: 13    Spells: 5/5 levels left

rFire    . . .     SeeInvis .   a - +0 long sword
rCold    . . .     Gourm    .   b - +1 shield
rNeg     . . .     Faith    .   (helmet restricted)
rPois    .         Spirit   .   (no amulet)
rElec    .         Reflect  .   (no ring)
rCorr    .         Harm     .   (no ring)
MR       .....                  (no ring)
Stlth    ++++......             (no ring)
HPRegen  0.14/turn              (no ring)
MPRegen  0.10/turn              (no ring)
                                (no ring)
                                (no ring)

@: marked
A: almost no armour, stealthy swim, amphibious, 8 rings, constrict 8, camouflage
1, gelatinous body 1
a: no special abilities


You were in an ossuary.
You were not hungry.

You visited 1 branch of the dungeon, and saw 4 of its levels.
You also visited: Ossuary.

You collected 116 gold pieces.

Inventory:

Hand Weapons
 a - a +0 long sword (weapon)
Armour
 b - a +1 shield (worn)
Jewellery
 h - a +3 ring of strength {unknown}
 i - a +5 ring of intelligence {unknown}
Wands
 r - a wand of flame (25)
Scrolls
 e - 4 scrolls of teleportation
 k - a scroll of random uselessness {unknown}
 l - a scroll of identify
 n - 2 scrolls of blinking
Potions
 c - a potion of degeneration {unknown}
 f - a potion of haste
 g - a potion of lignification
 j - 4 potions of curing {unknown}
 o - 2 potions of brilliance {unknown}
 s - a potion of magic {unknown}
 t - a potion of flight {unknown}
Comestibles
 d - 5 rations


   Skills:
 - Level 3.0 Fighting
 + Level 3.9 Long Blades
 + Level 4.4 Dodging
 * Level 6.8 Stealth
 - Level 3.0 Shields


You had 5 spell levels left.
You didn't know any spells.
Your spell library contained the following spells:

 Spells                   Type           Power        Failure   Level  Hunger
 Confusing Touch          Hex            #.....       86%         1    ##.....
 Confuse                  Hex            #.......     99%         3    ####...
 Gell's Gravitas          Tloc           #.........   99%         3    ####...
 Petrify                  Tmut/Erth      #.......     100%        4    #####..
 Metabolic Englaciation   Hex/Ice        #.........   100%        5    ######.
 Yara's Violent Unravell  Hex/Tmut       #.........   100%        5    ######.


Dungeon Overview and Level Annotations

Branches:
Dungeon (4/15)
 Temple: D:4-7

Altars:
Ashenzari
Wu Jian
The Shining One

Annotations:
D:2 exclusion: downstairs


Innate Abilities, Weirdness & Mutations

You cannot wear most types of armour.
You are very stealthy in the water. (Stealth+)
You are amphibious.
You can wear up to eight rings at the same time.
You can use your tentacles to constrict eight enemies at once.
Your skin changes colour to match your surroundings (Stealth+).
Your rubbery body absorbs attacks. (AC +1, EV +1)


Message History

You slash the mummy!
You destroy the mummy!
c - a metallic orange potion
k - a scroll labeled MEYSOU NATATHA You see here a scroll of immolation.
l - a scroll of identify You start resting.
A mummy comes into view.
You see here a scroll of immolation.
A mummy comes into view.
You closely miss the mummy. You grab the mummy. You constrict the mummy.
You hit the mummy.
The mummy is moderately damaged.
You constrict the mummy. The mummy hits you!
* * * LOW HITPOINT WARNING * * *
You slash the mummy! You squeeze the mummy.
You destroy the mummy!
Your shield prevents you from hitting the mummy.
Your grab misses the mummy. The mummy hits you!
You die...

##### #...# #?..#
##@## ###+###
#M### ##.....##
##.'.#
##.......###..###
#.........#...'.#
+....⌠....'...###
#.........#^..'.#
#.......###..###
##.....## ##.'.#


You could see a mummy.

Vanquished Creatures
  2 ogres
  A centaur zombie (Ossuary)
  Natasha (D:4)
  An orc wizard (D:3)
  A big kobold zombie (Ossuary)
  2 mummies (Ossuary)
  An adder (D:3)
  2 dart slugs
  6 leopard geckos
  12 orcs (D:3)
  3 giant cockroaches
  7 hobgoblins
  8 jackals
  3 quokkas
  3 ball pythons
  8 bats
  5 frilled lizards
  3 goblins
  A goblin zombie (Ossuary)
  A hobgoblin zombie (Ossuary)
  8 kobolds
  9 rats
88 creatures vanquished.

Notes
Turn   | Place    | Note
-------+----------+-------------------------------------------
     0 | D:1      | PentaManta the Octopode Fighter began the quest for the
                  | Orb.
     0 | D:1      | Reached XP level 1. HP: 16/16 MP: 1/1
    26 | D:1      | Reached skill level 1 in Stealth
    95 | D:1      | Reached XP level 2. HP: 14/21 MP: 2/2
   338 | D:1      | Reached skill level 2 in Stealth
   729 | D:1      | Reached XP level 3. HP: 26/26 MP: 3/3
   927 | D:2      | Found a shattered altar of Ashenzari.
   979 | D:2      | Reached skill level 3 in Stealth
  1672 | D:3      | Found a shattered altar of Ashenzari.
  1672 | D:3      | Found an ornate altar of the Wu Jian Council.
  1679 | D:3      | Reached XP level 4. HP: 22/31 MP: 4/4
  1934 | D:3      | Reached skill level 4 in Stealth
  2142 | D:3      | Found a glowing golden altar of the Shining One.
  2803 | D:3      | Reached XP level 5. HP: 36/36 MP: 5/5
  2815 | D:3      | Noticed an ogre
  2986 | D:3      | Killed an ogre
  2986 | D:3      | Reached skill level 5 in Stealth
  3167 | D:4      | Noticed an ogre
  3184 | D:4      | Noticed an ogre
  3188 | D:4      | Killed an ogre
  3188 | D:4      | Reached skill level 6 in Stealth
  3188 | D:4      | Reached XP level 6. HP: 42/42 MP: 6/6
  3217 | D:4      | Noticed Natasha
  3225 | D:4      | Killed Natasha
  3248 | D:4      | Found a sand-covered staircase.
  3252 | Ossuary  | Entered an ossuary
  3610 | Ossuary  | Mangled by a mummy

Skill      XL: |  1  2  3  4  5 |
---------------+----------------+-----
Stealth        | 1 2 3 4 6 |  6.8
Long Blades    | 3 |  3.9
Dodging        | 4 |  4.4
Fighting       | |  3.0
Shields        | |  3.0

Action                   |  1- 3 |  4- 6 || total
-------------------------+-------+-------++-------
Melee: Long sword        |    80 |    89 ||   169
       Constrict         |    21 |    21 ||    42
       Tentacles         |    12 |    15 ||    27
  Use: Scroll            |       |     8 ||     8
       Potion            |       |     1 ||     1
 Stab: Sleeping          |    18 |    10 ||    28
       Distracted        |       |     2 ||     2
  Eat: Chunk             |     2 |     3 ||     5
       Ration            |       |     1 ||     1
Armor: Skin              |     5 |     1 ||     6
Dodge: Dodged            |    30 |    27 ||    57
Block: Shield            |    29 |    23 ||    52
       Rpst.: Long sword |     5 |    13 ||    18
